 Dungeon Crawl Stone Soup version 0.27-a0-1232-gc6a4cbde82 (webtiles) character file.

Game seed: 6150831755855931589

407 Mesmaeker13 the Caller (level 6, -3/41 HPs)
             Began as a Mummy Summoner on June 8, 2021.
             Was an Initiate of Sif Muna.
             Slain by a wyvern (6 damage)
             ... on level 5 of the Dungeon.
             The game lasted 00:09:05 (6615 turns).

Mesmaeker13 the Caller (Mummy Summoner)             Turns: 6615, Time: 00:09:06

Health: -3/41      AC:  3    Str: 11    XL:     6   Next: 57%
Magic:  6/11       EV: 13    Int: 17    God:    Sif Muna [......]
Gold:   280        SH:  0    Dex: 12    Spells: 1/11 levels left

rFire    x . .     SeeInvis .   j - +0 trident (venom)
rCold    + . .     Faith    .   (no shield)
rNeg     + + +     Spirit   .   a - +0 robe
rPois    ∞         Reflect  .   i - +0 helmet
rElec    .         Harm     .   (no cloak)
rCorr    .         Rampage  .   (no gloves)
Will     .....                  (no boots)
Stlth    ++........             d - amulet of magic regeneration
HPRegen  0.13/turn              (no ring)
MPRegen  0.37/turn              (no ring)

@: no status effects
A: cold resistance 1, negative energy resistance 3, torment resistance 2, heat
vulnerability 1, no potions
a: Renounce Religion


You were on level 5 of the Dungeon.
You worshipped Sif Muna.
Sif Muna was noncommittal.
You visited 1 branch of the dungeon, and saw 5 of its levels.

You collected 280 gold pieces.

Inventory:

Hand Weapons
 g - a +0 dagger of venom
 j - a +0 trident of venom (weapon)
 n - the +10 hunting sling "Tuameng" {freeze, Fly}
   (You found it on level 4 of the Dungeon)

   It causes projectiles fired from it to freeze those they strike, causing
   extra injury to most foes and up to half again as much damage against
   particularly susceptible opponents.
   They can also slow down cold-blooded creatures.
   It grants you flight.
Armour
 a - a +0 robe (worn)
 i - a +0 helmet (worn)
 l - a +1 leather armour of poison resistance
Magical Staves
 e - a staff of fire
Jewellery
 d - an amulet of magic regeneration (around neck)
Wands
 h - a wand of digging (4)
Scrolls
 b - 3 scrolls of teleportation
 c - 2 scrolls of vulnerability
 f - a scroll of noise
 k - a scroll of immolation
 m - a scroll of torment


   Skills:
 + Level 4.0 Dodging
 - Level 1.5 Stealth
 - Level 3.3 Spellcasting
 + Level 5.0 Summonings
 + Level 0.8 Ice Magic


You had one spell level left.
You knew the following spells:

 Your Spells              Type           Power      Damage    Failure   Level
a - Summon Small Mammal   Summ           80%        N/A       2%          1
b - Call Imp              Summ           20%        N/A       3%          2
c - Call Canine Familiar  Summ           20%        N/A       6%          3
d - Summon Ice Beast      Ice/Summ       12%        N/A       45%         4

Your spell library contained the following spells:

 Spells                   Type           Power      Damage    Failure   Level
 Summon Guardian Golem    Hex/Summ       11%        N/A       19%         3
 Summon Lightning Spire   Summ/Air       11%        N/A       52%         4


Dungeon Overview and Level Annotations

Branches:
Dungeon (5/15)             Temple (0/1) D:5

Altars:
Cheibriados
Sif Muna

Shops:
D:4 *

Annotations:
D:4 exclusion: door


Innate Abilities, Weirdness & Mutations

You are immune to poison.
Your flesh is cold resistant. (rC+)
You are immune to negative energy. (rN+++)
You are immune to unholy pain and torment.
You are vulnerable to heat. (rF-)
You do not drink.


Message History

Okay, then.
Your crimson imp blinks!
You see here a smoky silvery potion.
Found a stone staircase leading up.
A wyvern comes into view.
Found a scroll labelled ALATOU DEUMIEF and a long sword.
You swap places.
You swap places.
You see here a smoky silvery potion.
You see here a +0 dagger.
You start waiting.
Your crimson imp blinks!
Your crimson imp disappears in a puff of smoke! x2
Done waiting.
The wyvern hisses angrily.
Something shouts, "Slither home, thou odious miscreant bootlicker!"
Casting: Call Imp (safe; 3% risk of failure)
Confirm with . or Enter, or press ? or * to list all spells.
A white imp comes into view.
The wyvern bites you.
Casting: Call Canine Familiar (dangerous; 6% risk of failure)
Confirm with . or Enter, or press ? or * to list all spells.
A beastly little devil appears in a puff of flame.
The wyvern bites you!
Your hound barely misses the wyvern.
The wyvern barely misses you.
Your hound bites the wyvern.
The wyvern closely misses you.
Your hound bites the wyvern.
Unknown command.
The wyvern bites you!!
* * * LOW HITPOINT WARNING * * *
Your crimson imp hits the wyvern.
Casting: Call Imp (safe; 3% risk of failure)
Confirm with . or Enter, or press ? or * to list all spells.
A beastly little devil appears in a puff of flame.
Your hound bites the wyvern but does no damage.
The wyvern bites you.
* * * LOW HITPOINT WARNING * * *
Your hound barely misses the wyvern.
Your crimson imp hits the wyvern but does no damage.
The wyvern bites you.
You die...

...............
..................
...............#.#
>..####..............#
..#...................
....##.5.#................
.. #.#h# #..............
#.###.#l###..............
..##.#5@5...............
#.##!#####........(.....
#.##..# #..............
#.###.# ##......[......
#...#.# ##............
###.#.## ###.##.#..##.
#....# #.##.#..#.. ##)).#
#.......... #...#
##......##.


You could see a wyvern (ally target), a white imp, a friendly hound (summoned)
and 2 friendly crimson imps.

Vanquished Creatures
  A scorpion (D:4)
  An iguana (D:4)
  An orc wizard (D:4)
  A hound skeleton (D:4)
  2 gnolls (D:4)
  3 adders
  An ufetubus (D:2)
  2 worms
  A dart slug (D:3)
  2 orcs
  3 ball pythons
  6 bats
  4 endoplasms
  2 giant cockroaches
  8 goblins
  7 hobgoblins
  5 jackals
  3 kobolds
  5 rats
58 creatures vanquished.

Vanquished Creatures (collateral kills)
  A water moccasin zombie (D:5)
  A bullfrog zombie (D:5)
  An orc priest (D:4)
  A bullfrog skeleton (D:4)
  Jessica (D:2)
  A hound zombie (D:5)
  Robin (D:2)
  2 gnolls (D:4)
  A shadow imp (D:5)
  A worm (D:2)
  9 orcs
  2 endoplasms (D:2)
  2 hobgoblins (D:2)
  A jackal (D:3)
  4 kobolds
  3 quokkas
  3 bats
  2 frilled lizards
  6 goblins
  3 rats
46 creatures vanquished.

Grand Total: 104 creatures vanquished

Notes
Turn   | Place    | Note
-------+----------+-------------------------------------------
     0 | D:1      | Mesmaeker13 the Mummy Summoner began the quest for the Orb.
     0 | D:1      | Reached XP level 1. HP: 13/13 MP: 4/4
   889 | D:1      | Reached XP level 2. HP: 19/19 MP: 3/6
  1758 | D:2      | Learned a level 2 spell: Call Imp
  2021 | D:2      | Noticed Robin
  2031 | D:1      | Reached XP level 3. HP: 22/24 MP: 5/7
  2260 | D:2      | You fall into a shaft and drop 1 floor!
  2260 | D:3      | Found a faded altar of an unknown god.
  2632 | D:2      | Noticed Jessica
  2644 | D:2      | Killed Jessica
  3223 | D:2      | Killed Robin
  3224 | D:2      | Reached XP level 4. HP: 30/30 MP: 2/9
  3565 | D:3      | Learned a level 3 spell: Call Canine Familiar
  3583 | D:3      | Reached skill level 4 in Summonings
  4534 | D:4      | Noticed a scorpion
  4536 | D:4      | Killed a scorpion
  4537 | D:4      | Reached XP level 5. HP: 33/35 MP: 10/10
  4599 | D:4      | Found a shimmering blue altar of Sif Muna.
  4607 | D:4      | Became a worshipper of Sif Muna the Loreminder
  4722 | D:4      | Found Tofuen's Assorted Antiques.
  5402 | D:4      | Identified the +10 hunting sling "Tuameng" {freeze, Fly}
  5500 | D:4      | Reached XP level 6. HP: 41/41 MP: 11/11
  5648 | D:4      | Found a snail-covered altar of Cheibriados.
  5823 | D:4      | Learned a level 4 spell: Summon Ice Beast
  5824 | D:5      | Entered Level 5 of the Dungeon
  5879 | D:5      | Reached skill level 5 in Summonings
  6342 | D:5      | Found a staircase to the Ecumenical Temple.
  6464 | D:5      | Noticed a wyvern
  6615 | D:5      | Slain by a wyvern

Illustrated notes

Levels and vault maps discovered:
D:1:      dpeg_arrival_subterranean_lakeside_camping, layout_rooms,
          serial_bayou, serial_bayou_pond_e, serial_bayou_lake_a,
          serial_bayou_pond_a, serial_bayou_lagoon_a, serial_bayou_pond_d,
          minmay_misc_feat_roman
D:2:      layout_basic, uniq_jessica, uniq_robin
D:3:      layout_basic, chequers_ecumenical_altar_simple, nrook_loot_triangle,
          mrwooster_statue_mirror
D:4:      layout_loops_cross, cheibrodos_worm_habitat,
          nicolae_sif_muna_condensation, serial_shops, nicolae_shop_statue_plus
D:5:      layout_rooms, minmay_temple_entry_poolview

Skill      XL: |  1  2  3  4  5  6 |
---------------+-------------------+-----
Spellcasting   | 3 |  3.3
Dodging        | 2 3 4 |  4.0
Summonings     | 4 5 |  5.0
Stealth        | |  1.5
Ice Magic      | |  0.8

Action                   |  1- 3 |  4- 6 || total
-------------------------+-------+-------++-------
Melee: Unarmed           |    29 |       ||    29
       Dagger            |    64 |    43 ||   107
       Trident           |       |    93 ||    93
 Cast: Summon Small Mamm |    28 |       ||    28
       Call Imp          |    19 |    15 ||    34
       Call Canine Famil |       |    14 ||    14
  Use: Scroll            |       |     5 ||     5
 Stab: Sleeping          |     4 |     4 ||     8
       Distracted        |       |     2 ||     2
Armor: Robe              |    16 |    32 ||    48
Dodge: Dodged            |    98 |    70 ||   168

Table legend: (Time is in decaauts)
 A = Elapsed time spent in this place.
 B = Non-inter-level travel time spent in this place.
 C = Inter-level travel time spent in this place.
 D = Time resting spent in this place.
 E = Time spent auto-exploring this place.
 F = Levels seen in this place.
 G = Mean time per level.
                   A        B        C        D        E       F      G
               +--------+--------+--------+--------+--------+-----+--------+
         Total |   6682 |   6518 |    164 |   3136 |   2189 |   5 | 1336.4 |
       Dungeon |   6682 |   6518 |    164 |   3136 |   2189 |   5 | 1336.4 |
               +--------+--------+--------+--------+--------+-----+--------+

Top non-repeatable levels by time:
     D:1: 1761 daAuts
     D:2: 1482 daAuts
     D:4: 1426 daAuts
     D:3: 1212 daAuts
     D:5: 800 daAuts
